Map: Romanticide LE

Players

Massa - Winner!

  • Race: Terran Terran
  • League: Platinum
  • Spawn Location: 11:00

Liste

  • Race: Terran Terran
  • League: Platinum
  • Spawn Location: 5:00

VOD

Have the link to the VOD?

Description

Time

  • Played on: Dec. 30, 2020, 11:41 a.m.
  • Length: 3:55
Show
View Real Time Build Order
Export as new Build Order

Massa Terran - Winner!

Build Orders:  

Get SALT Encoding   

  12  0:00  SCV  
  13  0:12  SCV  
  14  0:17  Supply Depot  
  14  0:24  SCV  
  15  0:39  SCV  
  15  0:42  Barracks  
  16  0:51  Refinery, SCV  
  17  1:03  SCV  
  18  1:15  SCV  
  19  1:23  Barracks  
  19  1:25  Supply Depot  
  19  1:33  Marine  
  20  1:51  Marine  
  20  1:54  Barracks  
  21  2:08  Marine  
  21  2:14  Marine  
  23  2:22  Orbital Command  
  23  2:26  Marine  
  24  2:32  Marine  
  25  2:44  Marine x2  
  28  2:53  SCV  
  28  2:55  Marine  
  29  3:02  Marine x2  
  31  3:18  Command Center  
  31  3:22  Supply Depot  
Show
View Real Time Build Order
Export as new Build Order

Liste Terran 

Build Orders:  

Get SALT Encoding   

  12  0:01  SCV  
  13  0:13  SCV  
  14  0:21  Supply Depot  
  14  0:25  SCV  
  15  0:43  SCV  
  15  0:47  Barracks  
  16  0:59  Barracks  
  16  1:04  Refinery  
  16  1:07  SCV  
  17  1:20  SCV  
  18  1:35  Marine  
  18  1:51  SCV  
  20  1:56  Refinery  
  18  2:03  SCV  
  18  2:14  Supply Depot  
  18  2:15  SCV  
  19  2:27  SCV  
  20  2:30  Factory  
  20  2:39  Barracks  
  20  3:09  Orbital Command  
  20  3:15  Factory Tech Lab  
  20  3:17  Supply Depot  
  20  3:27  Marine  
Tags
 
Matchup
TvT
Race
Terran
Replay Pack
Multiplayer
Spawn Locations
Cross Positions
Add a new tag
Caveats
  • Supply blocks, unpowered buildings, or Contaminate may cause inaccurate times.
  • Supply counts are checked every 10 seconds.